 Dungeon Crawl Stone Soup version 0.23-a0-136-g722f094350 (webtiles) character file.

7362 Napalmbreeze the Thaumaturge (level 10, 0/58 HPs)
             Began as a Deep Elf Fire Elementalist on Aug 28, 2018.
             Was an Elder of Vehumet.
             Hit by a javelin thrown by Urug (16 damage)
             ... on level 10 of the Dungeon.
             The game lasted 00:58:30 (15107 turns).

Napalmbreeze the Thaumaturge (DEFE)                Turns: 15107, Time: 00:58:31

Health: 0/58       AC:  5    Str:  5    XL:     10   Next: 91%
Magic:  21/27      EV: 16    Int: 29    God:    Vehumet [****..]
Gold:   611        SH:  0    Dex: 15    Spells: 16/31 levels left

rFire    . . .     SeeInvis .   h - +1 short sword
rCold    . . .     Gourm    .   (no shield)
rNeg     . . .     Faith    .   y - +0 robe (curse)
rPois    +         Spirit   .   p - +0 hat
rElec    .         Reflect  .   x - +1 cloak
rCorr    .         Harm     .   o - +0 pair of gloves
MR       +....                  (no boots)
Stlth    ++........             (no amulet)
HPRegen  0.19/turn              I - +5 ring of intelligence
MPRegen  0.20/turn              k - ring of poison resistance

@: no status effects
A: no striking features
a: Renounce Religion


You were on level 10 of the Dungeon.
You worshipped Vehumet.
Vehumet was greatly pleased with you.
You were not hungry.

You visited 2 branches of the dungeon, and saw 11 of its levels.
You also visited: Ossuary.

You collected 611 gold pieces.

Inventory:

Hand Weapons
 h - a +1 short sword (weapon)
 G - a +0 halberd
Armour
 o - a +0 pair of gloves (worn)
 p - a +0 hat (worn)
 x - a +1 cloak (worn)
 y - a cursed +0 robe (worn)
 D - a +0 pair of boots
Jewellery
 i - a cursed ring of teleportation
 k - a ring of poison resistance (right hand)
 q - an uncursed ring of protection from cold
 I - a +5 ring of intelligence (left hand)
Wands
 l - a wand of disintegration (1)
 m - a wand of flame (22)
 B - a wand of random effects (34)
 E - a wand of polymorph (16)
Scrolls
 d - a scroll of magic mapping
 f - 4 scrolls of fog
 g - 3 scrolls of identify
 j - 6 scrolls of remove curse
 t - 2 scrolls of enchant armour
 v - a scroll of teleportation
 z - 2 scrolls of blinking
 C - a scroll of enchant weapon
Potions
 a - a potion of haste
 b - a potion of flight
 e - a potion of invisibility
 n - a potion of agility
 r - 2 potions of mutation
 s - 2 potions of resistance
 u - 4 potions of heal wounds
 w - 2 potions of cancellation
 F - a potion of magic
Comestibles
 c - 14 rations


   Skills:
 + Level 4.7 Fighting
 - Level 6.0 Dodging
 - Level 2.4 Stealth
 + Level 11.1 Spellcasting
 + Level 9.9 Conjurations
   Level 3.0 Summonings
 + Level 9.7 Fire Magic


You had 16 spell levels left.
You knew the following spells:

 Your Spells              Type           Power        Failure   Level  Hunger
a - Flame Tongue          Conj/Fire      #####        1%          1    None
d - Conjure Flame         Conj/Fire      ######..     1%          3    None
e - Fireball              Conj/Fire      ######....   1%          5    ###....
f - Sticky Flame          Conj/Fire      ######..     1%          4    None
s - Throw Flame           Conj/Fire      ######       1%          2    None

Your spell library contained the following spells:

 Spells                   Type           Power        Failure   Level  Hunger
 Mephitic Cloud           Conj/Pois/Air  #####...     1%          3    None
 Summon Small Mammal      Summ           ####         1%          1    None
 Call Imp                 Summ           ####....     1%          2    None
 Inner Flame              Hex/Fire       #####...     1%          3    None
 Call Canine Familiar     Summ           ####....     3%          3    None
 Irradiate                Conj/Tmut      #####.....   3%          5    ###....
 Summon Guardian Golem    Hex/Summ       ###.....     5%          3    None
 Summon Ice Beast         Ice/Summ       ###.....     19%         4    None
 Summon Lightning Spire   Summ/Air       ###.....     19%         4    None
 Hydra Form               Tmut           ###.......   99%         6    #####..
 Statue Form              Tmut/Erth      ###......    99%         6    #####..
 Dragon Form              Tmut           ###.......   100%        7    ######.


Dungeon Overview and Level Annotations

Branches:
Dungeon (10/15)            Temple (1/1) D:4            Lair (0/6) D:9
    Orc (0/2) D:10

Altars:
Ashenzari
Cheibriados
Dithmenos
Elyvilon
Fedhas
Gozag
Hepliaklqana
Kikubaaqudgha
Makhleb
Nemelex Xobeh
Okawaru
Qazlal
Ru
Sif Muna
Trog
Uskayaw
Vehumet
Wu Jian
Xom
Yredelemnul
Zin
The Shining One

Shops:
D:5 =   D:6 %   D:9 *

Annotations:
D:6 2 transporters, Napalmbreeze's ghost, novice DEFE
D:7 2 transporters, Talesh's ghost, novice SpEn
D:10 Urug


Message History

The flame tongue hits the orc priest.
The orc priest is heavily wounded.
The orc priest calls down the wrath of Beogh upon you.
Beogh smites you!
You hear a shout!
Casting: Flame Tongue (safe; 1% risk of failure)
Confirm with . or Enter, or press ? or * to list all spells.
Aiming: Flame Tongue (safe; 1% risk of failure)
Press: ? - help, Shift-Dir - straight line, f/p - orc priest
Aim: an orc priest, wielding a club and wearing a ring mail (heavily wounded)
The flame tongue misses the orc priest.
Urug throws a javelin.
The javelin hits you.
Things that are here:
a javelin; a ring mail; an enchanted war axe Urug throws a javelin.
The javelin hits you!
* * * LOW HITPOINT WARNING * * *
Things that are here:
a javelin; a tomahawk Urug throws a javelin.
The javelin hits you!
You die...

#####.#
#.###.##o.....###.# ###
#.# #.##...#o####. #.#
..###.########.#......
.. ...
#........†...>.##...# ##
#.. #####.#..####..# #§#
# .... #####.#..#
#..###.##..>. ....
......#..## #....(....#
...#
#######...###.##(#.#...#
#.......##@#...#.#
###.#............#
#.#.≈≈≈≈≈≈≈≈≈..#
#.#.≈#######≈.## #
####.#.≈# ≈.# ##
##......≈# ≈.#
.####...#...≈#
.'..........≈#
.####...#...≈#


You could see Urug.

Vanquished Creatures
  Sonja (D:10)
  2 unseen horrors (D:10)
  A manticore (D:6)
  Joseph (D:8)
  A wyvern (D:10)
  A water moccasin (D:6)
  4 orc warriors
  A phantom (D:8)
  A hornet zombie (D:8)
  A necrophage (D:9)
  4 ice beasts
  3 sky beasts
  6 ogres
  2 eyes of draining
  A centaur (D:9)
  A big kobold (D:10)
  5 bullfrogs
  5 scorpions
  13 killer bees
  2 howler monkeys
  4 crimson imps
  A bullfrog zombie (D:9)
  A centaur zombie (D:8)
  2 jellies (D:8)
  3 hounds
  2 bullfrog skeletons
  4 orc priests
  13 orc wizards
  4 worker ants
  6 big kobold zombies (Ossuary)
  2 mummies
  6 gnolls
  11 adders
  2 shadow imps (D:9)
  6 oozes
  An adder skeleton (D:4)
  3 worms
  5 dart slugs
  5 leopard geckos
  30 orcs
  5 spectral bats (Ossuary)
  8 bats
  7 giant cockroaches
  A gnoll zombie (Ossuary)
  11 goblins
  8 hobgoblins
  6 quokkas
  5 ball pythons
  A bat simulacrum (Ossuary)
  9 frilled lizards
  6 goblin zombies (Ossuary)
  3 hobgoblin zombies (Ossuary)
  14 kobolds
  A kobold zombie (Ossuary)
  3 orc zombies (Ossuary)
  A quokka skeleton (D:8)
  9 rats
  A rat zombie (D:2)
  7 spectral goblins (Ossuary)
  2 spectral kobolds (Ossuary)
  A spectral rat (Ossuary)
276 creatures vanquished.

Vanquished Creatures (collateral kills)
  A centaur (D:7)
  A crimson imp (D:5)
  An orc priest (D:5)
  4 big kobold zombies (Ossuary)
  An adder (D:5)
  2 orcs
  A gnoll zombie (Ossuary)
  3 bat simulacra (Ossuary)
  2 goblin simulacra (Ossuary)
  A goblin zombie (Ossuary)
  A hobgoblin zombie (Ossuary)
  2 kobold simulacra (Ossuary)
  3 kobold zombies (Ossuary)
  3 rat simulacra (Ossuary)
26 creatures vanquished.

Vanquished Creatures (others)
  An orc wizard (D:6)
  An orc (D:6)
  4 plants (D:3)
6 creatures vanquished.

Grand Total: 308 creatures vanquished

Notes
Turn   | Place    | Note
-------+----------+-------------------------------------------
     0 | D:1      | Napalmbreeze the Deep Elf Fire Elementalist began the quest
                  | for the Orb.
     0 | D:1      | Reached XP level 1. HP: 10/10 MP: 6/6
    94 | D:1      | Reached XP level 2. HP: 14/15 MP: 2/8
   502 | D:1      | Reached XP level 3. HP: 19/19 MP: 8/10
  1481 | D:2      | Learned a level 2 spell: Throw Flame
  1485 | D:2      | Learned a level 3 spell: Conjure Flame
  1864 | D:1      | HP: 1/28 [poisoned by an adder]
  1866 | D:1      | Reached XP level 4. HP: 15/24 MP: 0/11
  2088 | D:2      | Reached skill level 4 in Spellcasting
  2257 | D:2      | Found an ancient bone altar of Kikubaaqudgha.
  2768 | D:2      | Reached XP level 5. HP: 28/28 MP: 9/13
  2962 | D:2      | Learned a level 4 spell: Sticky Flame
  3496 | D:3      | Noticed an ogre
  3871 | D:3      | Killed an ogre
  3871 | D:3      | Reached XP level 6. HP: 21/32 MP: 10/15
  4027 | D:3      | Reached skill level 5 in Spellcasting
  4138 | D:3      | Reached skill level 5 in Conjurations
  4264 | D:3      | Learned a level 2 spell: Call Imp
  4937 | D:4      | Reached skill level 1 in Summonings
  4937 | D:4      | Reached skill level 5 in Fire Magic
  5086 | D:4      | Reached XP level 7. HP: 36/36 MP: 6/17
  5220 | D:4      | Found a staircase to the Ecumenical Temple.
  5329 | Temple   | Entered the Ecumenical Temple
  5427 | Temple   | Became a worshipper of Vehumet
  5832 | D:4      | Found a shimmering altar of Xom.
  6186 | D:5      | Entered Level 5 of the Dungeon
  6357 | D:5      | Found Beghot's Jewellery Boutique.
  6910 | D:6      | Found a transporter.
  6914 | D:6      | Noticed Napalmbreeze's ghost (novice DEFE)
  6915 | D:6      | Found a transporter.
  6916 | D:6      | Noticed a two-headed ogre
  6939 | D:6      | Noticed a manticore
  6944 | D:6      | Reached skill level 6 in Spellcasting
  6970 | D:6      | Found a sand-covered staircase.
  6976 | Ossuary  | Entered an ossuary
  7129 | Ossuary  | Reached * piety under Vehumet
  7129 | Ossuary  | Offered knowledge of Sting by Vehumet.
  7407 | Ossuary  | Reached XP level 8. HP: 39/42 MP: 9/19
  7633 | Ossuary  | Reached ** piety under Vehumet
  7633 | Ossuary  | Offered knowledge of Shock by Vehumet.
  7706 | Ossuary  | Reached skill level 1 in Fighting
  8119 | D:6      | Reached skill level 7 in Spellcasting
  8265 | D:6      | Found a sparkling altar of Nemelex Xobeh.
  8354 | D:6      | Learned a level 5 spell: Fireball
  8372 | D:6      | HP: 1/45 [manticore/volley of spikes (11)]
  8375 | D:6      | Killed a manticore
  8682 | D:6      | Found Umideph's Food Emporium.
  9182 | D:7      | Reached skill level 8 in Spellcasting
  9249 | D:7      | Reached XP level 9. HP: 43/50 MP: 10/23
  9390 | D:7      | Found a transporter.
  9391 | D:7      | Noticed a two-headed ogre
  9391 | D:7      | Noticed Talesh's ghost (novice SpEn)
  9392 | D:7      | Found a transporter.
  9617 | D:7      | Offered knowledge of Ignite Poison by Vehumet.
 10072 | D:8      | Reached *** piety under Vehumet
 10072 | D:8      | Noticed a queen bee
 10305 | D:7      | a queen bee changed into an eye of draining
 10535 | D:8      | Noticed Joseph
 10691 | D:8      | Reached skill level 9 in Spellcasting
 10947 | D:8      | Reached skill level 5 in Dodging
 11137 | D:8      | Offered knowledge of Static Discharge by Vehumet.
 11269 | D:8      | Found a sacrificial altar of Ru.
 12182 | D:8      | Killed Joseph
 12182 | D:8      | Reached XP level 10. HP: 52/56 MP: 2/25
 12484 | D:9      | Found Juhy's Demolitions Depot.
 12851 | D:9      | Found a staircase to the Lair.
 12872 | D:9      | Reached skill level 10 in Spellcasting
 13018 | D:9      | Reached **** piety under Vehumet
 13270 | D:9      | Offered knowledge of Mephitic Cloud by Vehumet.
 13431 | D:9      | Found a deep blue altar of Sif Muna.
 13434 | D:9      | Found a burning altar of Makhleb.
 13437 | D:9      | Found a blossoming altar of Fedhas.
 13671 | D:10     | Entered Level 10 of the Dungeon
 13810 | D:10     | Noticed Sonja
 13815 | D:10     | Killed Sonja
 14154 | D:10     | Noticed Urug
 14160 | D:10     | Found a staircase to the Orcish Mines.
 14665 | D:10     | Noticed an unseen horror
 14667 | D:10     | Killed an unseen horror
 14944 | D:10     | Noticed an unseen horror
 14949 | D:10     | Killed an unseen horror
 14949 | D:10     | Reached skill level 11 in Spellcasting
 15107 | D:10     | Hit by a javelin thrown by Urug

Vault maps used:
D:1:      onia_arrival_handbag, corexii_hall_statues_l,
          minmay_misc_feat_ornament, minmay_misc_feat_rows
D:2:      lemuel_zombie_altar_kikubaaqudgha, grunt_decor_arrowhead,
          minmay_misc_feat_nine_boxes, minmay_fountain_box,
          minmay_goblin_kobold_house
D:3:      wad_woods_tower
D:4:      marbit_many_paths, minmay_temple_entry_trees
D:5:      serial_shops, nicolae_shop_trees, first_ration, minmay_misc_feat_five
D:6:      gammafunk_ghost_arena, serial_shops, shop_coins,
          gup_ossuary_entry_pyramid, nemelex_xobeh_ov_fountains_minmay
D:7:      gammafunk_ghost_smash
D:8:      david_nohive_1, nicolae_ru_awakened_eye, uniq_joseph
D:9:      grunt_temple_overflow_diamond, lair_entry_dummy, nicolae_blasting_shop
D:10:     david_orc_3, nooodl_orcs_dogs, uniq_urug, uniq_sonja
Temple:   minmay_temple_bridge_d
Ossuary:  ossuary_zaba_two_paths

Skill      XL: |  1  2  3  4  5  6  7  8  9 10 |
---------------+-------------------------------+-----
Conjurations   | 2 3 4 5 6 7 8 9 |  9.9
Fire Magic     | 4 5 6 7 8 9 |  9.7
Spellcasting   | 4 5 6 8 9 11 | 11.1
Summonings     | 2 3 |  3.0
Fighting       | 3 4 |  4.7
Dodging        | 6 |  6.0
Stealth        | |  2.4

Action                   |  1- 3 |  4- 6 |  7- 9 | 10-12 || total
-------------------------+-------+-------+-------+-------++-------
Melee: Unarmed           |     1 |       |       |       ||     1
       Short sword       |     3 |     3 |    33 |     2 ||    41
 Cast: Flame Tongue      |    66 |    78 |   245 |    74 ||   463
       Throw Flame       |     8 |    54 |    36 |    22 ||   120
       Conjure Flame     |     1 |     3 |     5 |     3 ||    12
       Sticky Flame      |       |     3 |    38 |    15 ||    56
       Call Imp          |       |       |    39 |       ||    39
       Fireball          |       |       |    10 |     9 ||    19
Evoke: Wand              |       |       |    16 |     1 ||    17
  Use: Potion            |     4 |       |     6 |     1 ||    11
       Scroll            |       |       |    16 |    10 ||    26
 Stab: Sleeping          |       |       |     1 |       ||     1
       Distracted        |       |       |     1 |       ||     1
  Eat: Chunk             |     3 |    10 |     8 |     5 ||    26
       Ration            |       |       |     5 |     2 ||     7
Armor: Skin              |     3 |       |       |       ||     3
       Robe              |     2 |     2 |    49 |     8 ||    61
Dodge: Dodged            |    33 |    14 |   169 |    28 ||   244

Table legend:
 A = Non-vault XP
 B = Vault XP
 C = Vault XP percentage of total XP
 D = Non-vault monster count
 E = Vault monster count
 F = Vault count percentage of total count
                 A         B        C        D         E       F
            +---------+---------+-------+---------+---------+-------
      Total |    7820 |    2698 |  25.7 |     209 |      93 |  30.8
            +---------+---------+-------+---------+---------+-------
        D:1 |      61 |      22 |  26.5 |      26 |       4 |  13.3
        D:2 |     150 |      10 |   6.2 |      36 |       6 |  14.3
        D:3 |     280 |      35 |  11.1 |      24 |       6 |  20.0
        D:4 |     354 |       0 |   0.0 |      12 |       0 |   0.0
        D:5 |      98 |       0 |   0.0 |       6 |       0 |   0.0
        D:6 |    1135 |      18 |   1.6 |      17 |       1 |   5.6
        D:7 |     843 |     250 |  22.9 |      16 |       3 |  15.8
        D:8 |    1267 |    1082 |  46.1 |      30 |      12 |  28.6
        D:9 |    1280 |       0 |   0.0 |      21 |       0 |   0.0
       D:10 |    2352 |     986 |  29.5 |      21 |       4 |  16.0
    Ossuary |       0 |     295 | 100.0 |       0 |      57 | 100.0
            +---------+---------+-------+---------+---------+-------
